WCHLSIM.com - West Coast Hockey League
html PUBLIC "-//W3C//DTD XHTML 1.0 Transitional//EN" "http://www.w3.org/TR/xhtml1/DTD/xhtml1-transitional.dtd"> WCHL - Game 118 - COLORADO GLACIERCATS vs ANAHEIM OUTLAWS

COLORADO GLACIERCATS vs ANAHEIM OUTLAWS

Created - 29 novembre 2020 at 21:52

Goals
1 2 3 T
COLORADO GLACIERCATS 2 0 1 3
ANAHEIM OUTLAWS 1 2 1 4
Shots
1 2 3 T
COLORADO GLACIERCATS 9 14 8 31
ANAHEIM OUTLAWS 8 8 12 28

1st period

1. ANAHEIM OUTLAWS , Sam Reinhart 2 (Morgan Rielly 4, Kevin Fiala 3) at 0:25
2. COLORADO GLACIERCATS , Ilya Lyubushkin 1 (Phillip Danault 7, Tomas Hertl 6) at 12:38
3. COLORADO GLACIERCATS , Leon Draisaitl 3 (Ryan Ellis 5, Alex Iafallo 7) at 15:11

Penalties :
Ilya Lyubushkin (COL) for Slashing (Minor) at 6:15, Ilya Lyubushkin (COL) for Tripping (Minor) at 8:18, Justin Faulk (ANA) for Slashing (Minor) at 17:47

2nd period

4. ANAHEIM OUTLAWS , Kevin Fiala 2 (John Tavares 3, Sam Reinhart 2) at 4:19
5. ANAHEIM OUTLAWS , John Tavares 3 (Keith Yandle 1) at 6:52

Penalties :
Keith Yandle (ANA) for Unsportsmanlike conduct (Minor) at 0:49, Noah Hanifin (ANA) for Hooking (Minor) at 6:57, Zach Aston-Reese (COL) for Tripping (Minor) at 8:57, Noah Hanifin (ANA) for Roughing (Minor) at 15:12

3rd period

6. COLORADO GLACIERCATS , Joel Edmundson 2 (Alex Iafallo 8, Lars Eller 7) at 4:01 (PP)
7. ANAHEIM OUTLAWS , Sam Reinhart 3 (Patrik Nemeth 2, Kevin Fiala 4) at 10:59

Penalties :
Ilya Lyubushkin (COL) for Hooking (Minor) at 1:40, Adrian Kempe (ANA) for Boarding (Minor) at 2:56, Morgan Rielly (ANA) for High sticking (Minor) at 9:34, Phillip Danault (COL) for Hooking (Minor) at 9:34

Goalie Stats

Darcy Kuemper (COL), 24 saves from 28 shots - (0,857), L, 3-1-1, 58:47 minutes
Mackenzie Blackwood (ANA), 28 saves from 31 shots - (0,903), W, 1-3-2, 60:00 minutes

Players Stats for COLORADO GLACIERCATS

Player Name              G  A  P  +/- PIM S  H  SB GA TA FO     MP     PP MP  PK MP  
------------------------------------------------------------------------------------
Alex Iafallo             0  2  2  -1  0   3  1  0  0  0  0/2    18:30   3:26   0:00 
Brayden Schenn           0  0  0   0  0   1  1  0  0  0  0/2    19:29   4:52   0:00 
Devon Toews              0  0  0  -1  0   0  2  0  0  0  0/0    23:33   3:53   3:38 
Dustin Brown             0  0  0   0  0   0  1  0  0  0  0/0    11:34   3:26   0:00 
Ilya Lyubushkin          1  0  1   1  6   1  0  0  0  0  0/0    12:21   0:00   0:00 
Joel Edmundson           1  0  1  -2  0   1  2  1  0  0  0/0    22:55   4:25   3:23 
Joonas Donskoi           0  0  0   0  0   4  0  0  0  0  0/1    12:22   0:00   4:14 
Jordan Martinook         0  0  0   0  0   0  1  0  0  0  0/0     5:11   0:00   0:00 
Lars Eller               0  1  1  -2  0   3  1  0  0  0  15/27  20:59   3:26   2:56 
Leon Draisaitl           1  0  1  -2  0   7  2  1  0  0  7/11   23:29   4:18   4:14 
Luke Glendening          0  0  0   0  0   1  3  0  0  0  6/8    11:07   0:00   2:59 
Nathan Beaulieu          0  0  0  -1  0   1  3  1  0  0  0/0    17:55   0:00   3:50 
Phillip Danault          0  1  1   0  2   2  2  1  0  0  8/21   15:33   0:34   0:00 
Ryan Ellis               0  1  1  -2  0   1  2  2  0  0  0/0    24:30   3:53   3:23 
Sam Gagner               0  0  0   0  0   2  0  0  0  0  3/4     5:11   0:00   0:00 
Tomas Hertl              0  1  1   0  0   3  0  0  0  0  0/1    21:28   4:52   0:03 
Zach Aston-Reese         0  0  0   0  2   0  0  0  0  0  0/0     5:10   0:00   0:00 
Zach Bogosian            0  0  0   1  0   1  0  2  0  0  0/0    18:43   4:25   0:12 

Players Stats for ANAHEIM OUTLAWS

Player Name              G  A  P  +/- PIM S  H  SB GA TA FO     MP     PP MP  PK MP  
------------------------------------------------------------------------------------
Adrian Kempe             0  0  0  -1  2   1  0  0  0  0  1/3    16:11   3:13   0:00 
Frederik Gauthier        0  0  0   0  0   0  0  0  0  0  5/7     6:01   0:00   0:00 
Jake Gardiner            0  0  0   0  0   0  4  0  0  0  0/0    14:51   0:00   2:53 
Joey Anderson            0  0  0   0  0   2  0  0  0  0  0/0     6:01   0:00   0:00 
John Tavares             1  1  2   3  0   6  1  0  0  0  21/34  21:57   3:59   4:07 
Jordan Staal             0  0  0  -1  0   1  3  0  0  0  6/14   21:51   3:14   3:45 
Justin Faulk             0  0  0   0  2   1  7  1  0  0  0/0    14:30   0:00   0:39 
Kasperi Kapanen          0  0  0  -1  0   2  0  0  0  0  0/1    16:12   3:14   0:00 
Keith Yandle             0  1  1   3  2   2  2  2  0  0  0/0    24:43   3:43   3:03 
Kevin Fiala              1  2  3   4  0   3  0  0  0  0  0/0    20:22   3:59   3:38 
Michael Grabner          0  0  0  -1  0   0  0  1  0  0  0/0    10:51   0:00   0:00 
Morgan Rielly            0  1  1   3  2   2  0  1  0  0  0/0    23:34   3:43   3:48 
Noah Hanifin             0  0  0  -1  4   0  1  0  0  0  0/0    20:05   3:30   2:04 
Patrik Nemeth            0  1  1  -1  0   0  2  1  0  0  0/0    22:12   3:30   4:09 
Pierre Engvall           0  0  0   0  0   0  0  0  0  0  0/0     6:01   0:00   0:00 
Richard Panik            0  0  0  -1  0   1  2  0  0  0  0/1    10:51   0:00   0:00 
Sam Bennett              0  0  0  -1  0   0  2  0  0  0  4/13   12:22   0:00   1:31 
Sam Reinhart             2  1  3   4  0   7  1  0  0  0  1/4    20:19   3:59   3:35 

3 Stars

1 - Sam Reinhart (ANA)
2 - Kevin Fiala (ANA)
3 - John Tavares (ANA)

Power Play

COLORADO GLACIERCATS - 1 on 5 Attempt(s) - 20,00%
ANAHEIM OUTLAWS - 0 on 4 Attempt(s) - 0,00%

Penalty Kill

COLORADO GLACIERCATS - 4 on 4 Attempt(s) - 100,00% - Score 0 goal in Penalty Kill
ANAHEIM OUTLAWS - 4 on 5 Attempt(s) - 80,00% - Score 0 goal in Penalty Kill

Team Stat

COLORADO GLACIERCATS - Hits : 21 - Faceoff Wins : 39 - Blocked Shots : 8 - Penalty Minutes : 10
ANAHEIM OUTLAWS - Hits : 25 - Faceoff Wins : 38 - Blocked Shots : 6 - Penalty Minutes : 12

Official

Referees : Ghislain Hebert and TJ Luxmore
Linesman : Matt MacPherson and Ken Bonham

Game Notes

No Game Note

Finance

Level 1 -- Attendance: 6500 (100,00%) -- Ticket Income 702 000 $
Level 2 -- Attendance: 5500 (100,00%) -- Ticket Income 390 500 $
Level 3 -- Attendance: 2500 (100,00%) -- Ticket Income 107 500 $
Level 4 -- Attendance: 5000 (100,00%) -- Ticket Income 135 000 $
Luxury Box -- Attendance: 1000 (100,00%) -- Ticket Income 215 000 $
Game was played at the Bouch Garden.
Total Attendance: 20500 (100,00%)
Total Ticket Income: 1 550 000 $
Other Income: 542 500 $
Total Income: 2 092 500 $

COLORADO GLACIERCATS

5 vs 5 Forward 
   Center                   Left Wing                Right Wing               Time % Phy DF OF 
 1 Lars Eller               Alex Iafallo             Leon Draisaitl           37     0   2  3  
 2 Phillip Danault          Tomas Hertl              Brayden Schenn           36     0   2  3  
 3 Luke Glendening          Joonas Donskoi           Dustin Brown             20     0   3  2  
 4 Sam Gagner               Jordan Martinook         Zach Aston-Reese         7      1   3  1  

5 vs 5 Defense 
   Defense                  Defense                                           Time % Phy DF OF 
 1 Ryan Ellis               Devon Toews                                       35     0   3  2  
 2 Joel Edmundson           Nathan Beaulieu                                   35     0   4  1  
 3 Ilya Lyubushkin          Zach Bogosian                                     25     1   4  0  
 4 Nathan Beaulieu          Zach Bogosian                                     5      1   4  0  

PowerPlay Forward 
   Center                   Left Wing                Right Wing               Time % Phy DF OF 
 1 Leon Draisaitl           Tomas Hertl              Brayden Schenn           50     0   0  5  
 2 Lars Eller               Alex Iafallo             Dustin Brown             50     0   1  4  

PowerPlay Defense
   Defense                  Defense                                           Time % Phy DF OF 
 1 Ryan Ellis               Devon Toews                                       50     0   1  4  
 2 Joel Edmundson           Zach Bogosian                                     50     0   2  3  

Penalty Kill 4 Players Forward 
   Center                   Wing                     Time % Phy DF OF 
 1 Leon Draisaitl           Joonas Donskoi           50     0   4  1  
 2 Lars Eller               Luke Glendening          50     0   4  1  

Penalty Kill 4 Players Defense
   Defense                  Defense                  Time % Phy DF OF 
 1 Ryan Ellis               Joel Edmundson           50     1   4  0  
 2 Devon Toews              Nathan Beaulieu          50     1   4  0  

Penalty Kill - 3 Players Forward 
   Forward                                           Time % Phy DF OF 
 1 Phillip Danault                                   50     0   5  0  
 2 Lars Eller                                        50     0   5  0  

Penalty Kill - 3 Players Defense
   Defense                  Defense                  Time % Phy DF OF 
 1 Ryan Ellis               Joel Edmundson           50     0   5  0  
 2 Nathan Beaulieu          Zach Bogosian            50     0   5  0  

4 vs 4 Forward 
   Center                   Wing                     Time % Phy DF OF 
 1 Lars Eller               Leon Draisaitl           50     0   1  4  
 2 Phillip Danault          Tomas Hertl              50     0   1  4  

4 vs 4 Defense
   Defense                  Defense                  Time % Phy DF OF 
 1 Joel Edmundson           Ryan Ellis               50     0   3  2  
 2 Zach Bogosian            Devon Toews              50     0   3  2  

Last Minutes Offensive
   Center                   Left Wing                Right Wing               Defense                  Defense                  
   Tomas Hertl              Brayden Schenn           Leon Draisaitl           Ryan Ellis               Devon Toews              

Last Minutes Defensive
   Center                   Left Wing                Right Wing               Defense                  Defense                  
   Lars Eller               Leon Draisaitl           Luke Glendening          Ryan Ellis               Joel Edmundson           

Goaltenders
Starting : Darcy Kuemper            
Backup : David Rittich            

Extra Forwards
Normal : Leon Draisaitl, Tomas Hertl, Lars Eller - PP : Phillip Danault, Joonas Donskoi - PK : Tomas Hertl
Extra Defensemen
Normal : Joel Edmundson, Nathan Beaulieu, Zach Bogosian - PP : Nathan Beaulieu - PK : Zach Bogosian, Nathan Beaulieu
Penalty Shots
Leon Draisaitl, Brayden Schenn, Tomas Hertl, Phillip Danault, Alex Iafallo
Custom OT Lines Forwards
Leon Draisaitl, Tomas Hertl, Lars Eller, Brayden Schenn, Phillip Danault, Alex Iafallo, Joonas Donskoi, Dustin Brown, Luke Glendening, Sam Gagner
Custom OT Lines Defensemen
Ryan Ellis, Joel Edmundson, Devon Toews, Nathan Beaulieu, Zach Bogosian

Scratches
None

ANAHEIM OUTLAWS

5 vs 5 Forward 
   Center                   Left Wing                Right Wing               Time % Phy DF OF 
 1 John Tavares             Kevin Fiala              Sam Reinhart             29     0   1  4  
 2 Jordan Staal             Kasperi Kapanen          Adrian Kempe             29     1   1  3  
 3 Sam Bennett              Michael Grabner          Richard Panik            26     1   3  1  
 4 Frederik Gauthier        Pierre Engvall           Joey Anderson            16     2   2  1  

5 vs 5 Defense 
   Defense                  Defense                                           Time % Phy DF OF 
 1 Morgan Rielly            Keith Yandle                                      36     1   2  2  
 2 Patrik Nemeth            Noah Hanifin                                      31     1   2  2  
 3 Justin Faulk             Jake Gardiner                                     23     1   2  2  
 4 Morgan Rielly            Keith Yandle                                      10     1   2  2  

PowerPlay Forward 
   Center                   Left Wing                Right Wing               Time % Phy DF OF 
 1 John Tavares             Kevin Fiala              Sam Reinhart             55     1   2  2  
 2 Jordan Staal             Kasperi Kapanen          Adrian Kempe             45     1   2  2  

PowerPlay Defense
   Defense                  Defense                                           Time % Phy DF OF 
 1 Morgan Rielly            Keith Yandle                                      55     1   2  2  
 2 Patrik Nemeth            Noah Hanifin                                      45     1   2  2  

Penalty Kill 4 Players Forward 
   Center                   Wing                     Time % Phy DF OF 
 1 John Tavares             Jordan Staal             55     1   2  2  
 2 Sam Reinhart             Kevin Fiala              45     1   2  2  

Penalty Kill 4 Players Defense
   Defense                  Defense                  Time % Phy DF OF 
 1 Morgan Rielly            Keith Yandle             55     1   2  2  
 2 Patrik Nemeth            Noah Hanifin             45     1   2  2  

Penalty Kill - 3 Players Forward 
   Forward                                           Time % Phy DF OF 
 1 John Tavares                                      55     1   2  2  
 2 Jordan Staal                                      45     1   2  2  

Penalty Kill - 3 Players Defense
   Defense                  Defense                  Time % Phy DF OF 
 1 Morgan Rielly            Keith Yandle             55     1   2  2  
 2 Patrik Nemeth            Noah Hanifin             45     1   2  2  

4 vs 4 Forward 
   Center                   Wing                     Time % Phy DF OF 
 1 John Tavares             Jordan Staal             55     1   2  2  
 2 Sam Reinhart             Kevin Fiala              45     1   2  2  

4 vs 4 Defense
   Defense                  Defense                  Time % Phy DF OF 
 1 Morgan Rielly            Keith Yandle             55     1   2  2  
 2 Patrik Nemeth            Noah Hanifin             45     1   2  2  

Last Minutes Offensive
   Center                   Left Wing                Right Wing               Defense                  Defense                  
   John Tavares             Kevin Fiala              Sam Reinhart             Morgan Rielly            Keith Yandle             

Last Minutes Defensive
   Center                   Left Wing                Right Wing               Defense                  Defense                  
   John Tavares             Kevin Fiala              Sam Reinhart             Morgan Rielly            Keith Yandle             

Goaltenders
Starting : Mackenzie Blackwood      
Backup : Pekka Rinne              

Extra Forwards
Normal : Michael Grabner, Richard Panik, Sam Bennett - PP : Michael Grabner, Richard Panik - PK : Sam Bennett
Extra Defensemen
Normal : Justin Faulk, Jake Gardiner, Patrik Nemeth - PP : Justin Faulk - PK : Jake Gardiner, Patrik Nemeth
Penalty Shots
John Tavares, Jordan Staal, Sam Reinhart, Kevin Fiala, Kasperi Kapanen
Custom OT Lines Forwards
John Tavares, Jordan Staal, Sam Reinhart, Kevin Fiala, Kasperi Kapanen, Adrian Kempe, Michael Grabner, Richard Panik, Sam Bennett, Pierre Engvall
Custom OT Lines Defensemen
Morgan Rielly, Keith Yandle, Patrik Nemeth, Noah Hanifin, Justin Faulk

Scratches
Thomas Hickey (Healthy), Matt Benning (Healthy), Mike Condon (Healthy)

% Time on Ice - COLORADO GLACIERCATS

Lines # - Real PCT - Wanted PCT - Time Play
Normal Forward
1 - 33% - 37% - 13:51
2 - 34% - 36% - 14:17
3 - 20% - 20% - 8:08
4 - 13% - 7% - 5:11
Normal Defense
1 - 35% - 35% - 14:29
2 - 34% - 35% - 14:05
3 - 30% - 25% - 12:24
4 - 1% - 5% - 0:29
PP Forward
1 - 59% - 50% - 4:52
2 - 41% - 50% - 3:26
PP Defense
1 - 47% - 50% - 3:53
2 - 53% - 50% - 4:25
PK Forward
1 - 59% - 50% - 4:14
2 - 41% - 50% - 2:59
PK Defense
1 - 47% - 50% - 3:23
2 - 53% - 50% - 3:50
PK3 Forward
1 - 0% - 50%
2 - 0% - 50%
PK3 Defense
1 - 0% - 50%
2 - 0% - 50%
44 Forward
1 - 28% - 50% - 0:46
2 - 72% - 50% - 1:56
44 Defense
1 - 55% - 50% - 1:29
2 - 45% - 50% - 1:13
Last Minute Offensive  - 0:20
Last Minute Defensive  - 0:00
Total
Forward - 60:00
Defense - 60:00

% Time on Ice - ANAHEIM OUTLAWS

Lines # - Real PCT - Wanted PCT - Time Play
Normal Forward
1 - 28% - 29% - 11:45
2 - 31% - 29% - 12:58
3 - 26% - 26% - 10:51
4 - 14% - 16% - 6:01
Normal Defense
1 - 37% - 36% - 15:25
2 - 33% - 31% - 13:38
3 - 28% - 23% - 11:46
4 - 2% - 10% - 0:46
PP Forward
1 - 55% - 55% - 3:59
2 - 45% - 45% - 3:14
PP Defense
1 - 52% - 55% - 3:43
2 - 48% - 45% - 3:30
PK Forward
1 - 57% - 55% - 4:43
2 - 43% - 45% - 3:35
PK Defense
1 - 46% - 55% - 3:48
2 - 54% - 45% - 4:30
PK3 Forward
1 - 0% - 55%
2 - 0% - 45%
PK3 Defense
1 - 0% - 55%
2 - 0% - 45%
44 Forward
1 - 70% - 55% - 1:54
2 - 30% - 45% - 0:48
44 Defense
1 - 66% - 55% - 1:47
2 - 34% - 45% - 0:55
Last Minute Offensive  - 0:00
Last Minute Defensive  - 0:12
Total
Forward - 60:00
Defense - 60:00

Play-by-Play

1st period


0:01 of 1st period - Lars Eller wins face-off versus John Tavares in neutral zone.
0:18 of 1st period - Kevin Fiala is hit by Ryan Ellis and loses puck.
0:25 of 1st period - Shot by Sam Reinhart.
0:25 of 1st period - Goal by Sam Reinhart - COLORADO GLACIERCATS : 0 - ANAHEIM OUTLAWS : 1.
0:26 of 1st period - Jordan Staal wins face-off versus Phillip Danault in neutral zone.
1:27 of 1st period - Icing by Nathan Beaulieu.
1:28 of 1st period - Frederik Gauthier wins face-off versus Phillip Danault in COLORADO GLACIERCATS zone.
2:25 of 1st period - Luke Glendening is hit by Richard Panik and loses puck.
2:44 of 1st period - Shot by Richard Panik.
2:44 of 1st period - Shot Blocked by Zach Bogosian.
3:18 of 1st period - Shot by John Tavares.
3:18 of 1st period - Shot Blocked by Leon Draisaitl.
4:31 of 1st period - Shot by Zach Aston-Reese.
4:31 of 1st period - Deflect By Sam Gagner.
4:31 of 1st period - Shot Misses the Net.
4:37 of 1st period - Shot by Sam Gagner.
4:37 of 1st period - Stopped by Mackenzie Blackwood without a rebound.
4:38 of 1st period - Phillip Danault wins face-off versus Jordan Staal in ANAHEIM OUTLAWS zone.
4:58 of 1st period - Shot by Kasperi Kapanen.
4:58 of 1st period - Stopped by Darcy Kuemper without a rebound.
4:59 of 1st period - Luke Glendening wins face-off versus Sam Bennett in COLORADO GLACIERCATS zone.
5:01 of 1st period - Icing by Joonas Donskoi.
5:02 of 1st period - Luke Glendening wins face-off versus Sam Bennett in COLORADO GLACIERCATS zone.
5:02 of 1st period - Luke Glendening is hit by Sam Bennett.
5:18 of 1st period - Shot by Keith Yandle.
5:18 of 1st period - Stopped by Darcy Kuemper without a rebound.
5:19 of 1st period - Lars Eller wins face-off versus Jordan Staal in COLORADO GLACIERCATS zone.
6:14 of 1st period - Icing by Zach Bogosian.
6:15 of 1st period - Sam Bennett wins face-off versus Lars Eller in COLORADO GLACIERCATS zone.
6:15 of 1st period - Minor Penalty to Ilya Lyubushkin for Slashing.
6:16 of 1st period - Leon Draisaitl wins face-off versus John Tavares in COLORADO GLACIERCATS zone.
6:29 of 1st period - Shot by Kevin Fiala.
6:29 of 1st period - Shot Blocked by Ryan Ellis.
6:43 of 1st period - Shot by John Tavares.
6:43 of 1st period - Stopped by Darcy Kuemper with a rebound.
7:28 of 1st period - Icing by Keith Yandle.
7:29 of 1st period - John Tavares wins face-off versus Leon Draisaitl in ANAHEIM OUTLAWS zone.
8:12 of 1st period - Kasperi Kapanen is hit by Devon Toews and loses puck.
8:18 of 1st period - Minor Penalty to Ilya Lyubushkin for Tripping.
8:19 of 1st period - Leon Draisaitl wins face-off versus Kasperi Kapanen in COLORADO GLACIERCATS zone.
8:19 of 1st period - Leon Draisaitl is hit by Jordan Staal.
8:54 of 1st period - Icing by Noah Hanifin.
8:55 of 1st period - Leon Draisaitl wins face-off versus Jordan Staal in ANAHEIM OUTLAWS zone.
9:04 of 1st period - Shot by Joonas Donskoi.
9:04 of 1st period - Stopped by Mackenzie Blackwood without a rebound.
9:05 of 1st period - Lars Eller wins face-off versus John Tavares in ANAHEIM OUTLAWS zone.
10:48 of 1st period - Phillip Danault is hit by Justin Faulk and loses puck.
10:52 of 1st period - Tomas Hertl is hit by Jake Gardiner and loses puck.
11:42 of 1st period - Shot by Sam Gagner.
11:42 of 1st period - Stopped by Mackenzie Blackwood with a rebound.
12:18 of 1st period - Shot by Joonas Donskoi.
12:18 of 1st period - Stopped by Mackenzie Blackwood without a rebound.
12:19 of 1st period - Phillip Danault wins face-off versus Jordan Staal in ANAHEIM OUTLAWS zone.
12:36 of 1st period - Shot by Phillip Danault.
12:36 of 1st period - Stopped by Mackenzie Blackwood with a rebound.
12:38 of 1st period - Shot by Ilya Lyubushkin.
12:38 of 1st period - Goal by Ilya Lyubushkin - COLORADO GLACIERCATS : 1 - ANAHEIM OUTLAWS : 1.
12:39 of 1st period - Lars Eller wins face-off versus John Tavares in neutral zone.
13:03 of 1st period - Shot by John Tavares.
13:03 of 1st period - Stopped by Darcy Kuemper without a rebound.
13:04 of 1st period - Phillip Danault wins face-off versus Adrian Kempe in COLORADO GLACIERCATS zone.
13:38 of 1st period - Shot by Jordan Staal.
13:38 of 1st period - Stopped by Darcy Kuemper with a rebound.
14:29 of 1st period - Shot by John Tavares.
14:29 of 1st period - Deflect By Sam Reinhart.
14:29 of 1st period - Stopped by Darcy Kuemper without a rebound.
14:30 of 1st period - Sam Bennett wins face-off versus Lars Eller in COLORADO GLACIERCATS zone.
14:30 of 1st period - Sam Bennett is hit by Devon Toews.
14:33 of 1st period - Richard Panik is hit by Ryan Ellis and loses puck.
14:40 of 1st period - Noah Hanifin is hit by Alex Iafallo and loses puck.
15:11 of 1st period - Shot by Leon Draisaitl.
15:11 of 1st period - Goal by Leon Draisaitl - COLORADO GLACIERCATS : 2 - ANAHEIM OUTLAWS : 1.
15:12 of 1st period - Luke Glendening wins face-off versus John Tavares in neutral zone.
15:30 of 1st period - Shot by John Tavares.
15:30 of 1st period - Deflect By Sam Reinhart.
15:30 of 1st period - Stopped by Darcy Kuemper without a rebound.
15:31 of 1st period - Sam Gagner wins face-off versus Adrian Kempe in COLORADO GLACIERCATS zone.
15:31 of 1st period - Sam Gagner is hit by Jordan Staal.
15:36 of 1st period - Sam Gagner is hit by Jake Gardiner and loses puck.
16:18 of 1st period - Sam Gagner is hit by Jordan Staal and loses puck.
16:52 of 1st period - Alex Iafallo is hit by Jake Gardiner and loses puck.
17:10 of 1st period - Leon Draisaitl is hit by Justin Faulk and loses puck.
17:24 of 1st period - Tomas Hertl is hit by Justin Faulk and loses puck.
17:40 of 1st period - Brayden Schenn is hit by Jake Gardiner and loses puck.
17:46 of 1st period - Brayden Schenn is hit by Justin Faulk and loses puck.
17:47 of 1st period - Minor Penalty to Justin Faulk for Slashing.
17:48 of 1st period - Lars Eller wins face-off versus Sam Reinhart in ANAHEIM OUTLAWS zone.
17:56 of 1st period - Shot by Alex Iafallo.
17:56 of 1st period - Shot Misses the Net.
17:58 of 1st period - Shot by Lars Eller.
17:58 of 1st period - Stopped by Mackenzie Blackwood without a rebound.
17:59 of 1st period - Leon Draisaitl wins face-off versus Sam Reinhart in ANAHEIM OUTLAWS zone.
18:18 of 1st period - Shot by Tomas Hertl.
18:18 of 1st period - Stopped by Mackenzie Blackwood with a rebound.
18:20 of 1st period - Shot by Joel Edmundson.
18:20 of 1st period - Shot Misses the Net.
18:22 of 1st period - Shot by Joel Edmundson.
18:22 of 1st period - Shot Misses the Net.
19:11 of 1st period - Icing by Devon Toews.
19:12 of 1st period - John Tavares wins face-off versus Lars Eller in COLORADO GLACIERCATS zone.
19:16 of 1st period - Icing by Devon Toews.
19:17 of 1st period - John Tavares wins face-off versus Lars Eller in COLORADO GLACIERCATS zone.
19:18 of 1st period - Shot by Jordan Staal.
19:18 of 1st period - Deflect By John Tavares.
19:18 of 1st period - Shot Misses the Net.
19:48 of 1st period - Shot by Sam Gagner.
19:48 of 1st period - Shot Misses the Net.
Goals for this period are 2 for COLORADO GLACIERCATS vs 1 for ANAHEIM OUTLAWS.
Shots for this period are 9 for COLORADO GLACIERCATS vs 8 for ANAHEIM OUTLAWS.

2nd period


0:01 of 2nd period - John Tavares wins face-off versus Lars Eller in neutral zone.
0:04 of 2nd period - Shot by Kevin Fiala.
0:04 of 2nd period - Stopped by Darcy Kuemper without a rebound.
0:05 of 2nd period - John Tavares wins face-off versus Lars Eller in COLORADO GLACIERCATS zone.
0:38 of 2nd period - Shot by Leon Draisaitl.
0:38 of 2nd period - Shot Hit the Post.
0:44 of 2nd period - Shot by Leon Draisaitl.
0:44 of 2nd period - Stopped by Mackenzie Blackwood with a rebound.
0:49 of 2nd period - Minor Penalty to Keith Yandle for Unsportsmanlike conduct.
0:50 of 2nd period - John Tavares wins face-off versus Leon Draisaitl in ANAHEIM OUTLAWS zone.
2:30 of 2nd period - Shot by Tomas Hertl.
2:30 of 2nd period - Shot Misses the Net.
3:46 of 2nd period - Icing by Patrik Nemeth.
3:47 of 2nd period - Lars Eller wins face-off versus Richard Panik in ANAHEIM OUTLAWS zone.
3:52 of 2nd period - Shot by Alex Iafallo.
3:52 of 2nd period - Shot Blocked by Michael Grabner.
4:11 of 2nd period - Icing by Zach Bogosian.
4:12 of 2nd period - John Tavares wins face-off versus Lars Eller in COLORADO GLACIERCATS zone.
4:13 of 2nd period - Shot by Kevin Fiala.
4:13 of 2nd period - Deflect By John Tavares.
4:13 of 2nd period - Stopped by Darcy Kuemper without a rebound.
4:14 of 2nd period - John Tavares wins face-off versus Brayden Schenn in COLORADO GLACIERCATS zone.
4:17 of 2nd period - Shot by John Tavares.
4:17 of 2nd period - Shot Misses the Net.
4:19 of 2nd period - Shot by Kevin Fiala.
4:19 of 2nd period - Goal by Kevin Fiala - COLORADO GLACIERCATS : 2 - ANAHEIM OUTLAWS : 2.
4:20 of 2nd period - Phillip Danault wins face-off versus John Tavares in neutral zone.
4:25 of 2nd period - Shot by Brayden Schenn.
4:25 of 2nd period - Stopped by Mackenzie Blackwood without a rebound.
4:26 of 2nd period - Sam Bennett wins face-off versus Phillip Danault in ANAHEIM OUTLAWS zone.
5:14 of 2nd period - Icing by Morgan Rielly.
5:15 of 2nd period - Lars Eller wins face-off versus Sam Bennett in ANAHEIM OUTLAWS zone.
5:16 of 2nd period - Shot by Leon Draisaitl.
5:16 of 2nd period - Stopped by Mackenzie Blackwood with a rebound.
5:18 of 2nd period - Shot by Lars Eller.
5:18 of 2nd period - Stopped by Mackenzie Blackwood without a rebound.
5:19 of 2nd period - John Tavares wins face-off versus Lars Eller in ANAHEIM OUTLAWS zone.
5:31 of 2nd period - Shot by Leon Draisaitl.
5:31 of 2nd period - Stopped by Mackenzie Blackwood without a rebound.
5:32 of 2nd period - Adrian Kempe wins face-off versus Luke Glendening in ANAHEIM OUTLAWS zone.
5:32 of 2nd period - Adrian Kempe is hit by Luke Glendening.
5:40 of 2nd period - Shot by Adrian Kempe.
5:40 of 2nd period - Shot Misses the Net.
5:42 of 2nd period - Shot by Justin Faulk.
5:42 of 2nd period - Stopped by Darcy Kuemper with a rebound.
5:46 of 2nd period - Shot by Jordan Staal.
5:46 of 2nd period - Shot Misses the Net.
5:48 of 2nd period - Shot by Justin Faulk.
5:48 of 2nd period - Deflect By Adrian Kempe.
5:48 of 2nd period - Shot Blocked by Zach Bogosian.
6:23 of 2nd period - Icing by Justin Faulk.
6:24 of 2nd period - Jordan Staal wins face-off versus Lars Eller in ANAHEIM OUTLAWS zone.
6:24 of 2nd period - Jordan Staal is hit by Leon Draisaitl.
6:52 of 2nd period - Shot by John Tavares.
6:52 of 2nd period - Goal by John Tavares - COLORADO GLACIERCATS : 2 - ANAHEIM OUTLAWS : 3.
6:53 of 2nd period - Phillip Danault wins face-off versus Sam Bennett in neutral zone.
6:57 of 2nd period - Minor Penalty to Noah Hanifin for Hooking.
6:58 of 2nd period - Leon Draisaitl wins face-off versus John Tavares in ANAHEIM OUTLAWS zone.
7:22 of 2nd period - Shot by Leon Draisaitl.
7:22 of 2nd period - Stopped by Mackenzie Blackwood with a rebound.
7:24 of 2nd period - Shot by Leon Draisaitl.
7:24 of 2nd period - Shot Misses the Net.
7:36 of 2nd period - Shot by Leon Draisaitl.
7:36 of 2nd period - Shot Misses the Net.
8:57 of 2nd period - Minor Penalty to Zach Aston-Reese for Tripping.
8:58 of 2nd period - Luke Glendening wins face-off versus Jordan Staal in COLORADO GLACIERCATS zone.
9:48 of 2nd period - Shot by Morgan Rielly.
9:48 of 2nd period - Stopped by Darcy Kuemper without a rebound.
9:49 of 2nd period - John Tavares wins face-off versus Leon Draisaitl in COLORADO GLACIERCATS zone.
9:50 of 2nd period - Shot by Sam Reinhart.
9:50 of 2nd period - Shot Misses the Net.
9:52 of 2nd period - Shot by John Tavares.
9:52 of 2nd period - Deflect By Sam Reinhart.
9:52 of 2nd period - Stopped by Darcy Kuemper without a rebound.
9:53 of 2nd period - Leon Draisaitl wins face-off versus John Tavares in COLORADO GLACIERCATS zone.
11:00 of 2nd period - Shot by Michael Grabner.
11:00 of 2nd period - Shot Misses the Net.
11:12 of 2nd period - Phillip Danault is hit by Justin Faulk and loses puck.
11:32 of 2nd period - Shot by Phillip Danault.
11:32 of 2nd period - Stopped by Mackenzie Blackwood without a rebound.
11:33 of 2nd period - Sam Gagner wins face-off versus Frederik Gauthier in ANAHEIM OUTLAWS zone.
12:01 of 2nd period - Sam Gagner is hit by Patrik Nemeth.
12:07 of 2nd period - Noah Hanifin is hit by Jordan Martinook and loses puck.
12:33 of 2nd period - Joonas Donskoi is hit by Patrik Nemeth and loses puck.
12:43 of 2nd period - Icing by Joel Edmundson.
12:44 of 2nd period - John Tavares wins face-off versus Luke Glendening in COLORADO GLACIERCATS zone.
12:51 of 2nd period - Shot by Sam Reinhart.
12:51 of 2nd period - Shot Misses the Net.
13:42 of 2nd period - Shot by Leon Draisaitl.
13:42 of 2nd period - Deflect By Alex Iafallo.
13:42 of 2nd period - Shot Blocked by Keith Yandle.
13:44 of 2nd period - Shot by Leon Draisaitl.
13:44 of 2nd period - Stopped by Mackenzie Blackwood with a rebound.
13:46 of 2nd period - Shot by Zach Bogosian.
13:46 of 2nd period - Shot Misses the Net.
13:48 of 2nd period - Shot by Lars Eller.
13:48 of 2nd period - Shot Misses the Net.
13:52 of 2nd period - Shot by Lars Eller.
13:52 of 2nd period - Deflect By Alex Iafallo.
13:52 of 2nd period - Shot Misses the Net.
13:57 of 2nd period - Icing by Kevin Fiala.
13:58 of 2nd period - Phillip Danault wins face-off versus John Tavares in ANAHEIM OUTLAWS zone.
14:29 of 2nd period - Shot by Tomas Hertl.
14:29 of 2nd period - Stopped by Mackenzie Blackwood without a rebound.
14:30 of 2nd period - Sam Bennett wins face-off versus Joonas Donskoi in ANAHEIM OUTLAWS zone.
14:30 of 2nd period - Sam Bennett is hit by Luke Glendening.
15:11 of 2nd period - Nathan Beaulieu is hit by Noah Hanifin.
15:12 of 2nd period - Minor Penalty to Noah Hanifin for Roughing.
15:13 of 2nd period - Leon Draisaitl wins face-off versus John Tavares in ANAHEIM OUTLAWS zone.
15:42 of 2nd period - Shot by Leon Draisaitl.
15:42 of 2nd period - Shot Misses the Net.
15:44 of 2nd period - Shot by Leon Draisaitl.
15:44 of 2nd period - Shot Misses the Net.
16:17 of 2nd period - Icing by Lars Eller.
16:18 of 2nd period - Lars Eller wins face-off versus Sam Bennett in COLORADO GLACIERCATS zone.
16:27 of 2nd period - Shot by Alex Iafallo.
16:27 of 2nd period - Stopped by Mackenzie Blackwood without a rebound.
16:28 of 2nd period - Lars Eller wins face-off versus Sam Reinhart in ANAHEIM OUTLAWS zone.
16:35 of 2nd period - Shot by Dustin Brown.
16:35 of 2nd period - Shot Misses the Net.
16:37 of 2nd period - Shot by Alex Iafallo.
16:37 of 2nd period - Deflect By Dustin Brown.
16:37 of 2nd period - Shot Blocked by Patrik Nemeth.
16:39 of 2nd period - Shot by Lars Eller.
16:39 of 2nd period - Shot Misses the Net.
16:41 of 2nd period - Shot by Zach Bogosian.
16:41 of 2nd period - Stopped by Mackenzie Blackwood without a rebound.
16:42 of 2nd period - John Tavares wins face-off versus Leon Draisaitl in ANAHEIM OUTLAWS zone.
17:14 of 2nd period - Shot by Luke Glendening.
17:14 of 2nd period - Shot Misses the Net.
17:18 of 2nd period - Shot by Luke Glendening.
17:18 of 2nd period - Shot Blocked by Justin Faulk.
17:20 of 2nd period - Shot by Joonas Donskoi.
17:20 of 2nd period - Shot Misses the Net.
17:28 of 2nd period - Shot by Dustin Brown.
17:28 of 2nd period - Shot Misses the Net.
17:30 of 2nd period - Shot by Joonas Donskoi.
17:30 of 2nd period - Stopped by Mackenzie Blackwood without a rebound.
17:31 of 2nd period - Frederik Gauthier wins face-off versus Sam Gagner in ANAHEIM OUTLAWS zone.
17:40 of 2nd period - Shot by Joey Anderson.
17:40 of 2nd period - Stopped by Darcy Kuemper without a rebound.
17:41 of 2nd period - Jordan Staal wins face-off versus Lars Eller in COLORADO GLACIERCATS zone.
18:16 of 2nd period - Shot by Lars Eller.
18:16 of 2nd period - Stopped by Mackenzie Blackwood with a rebound.
18:18 of 2nd period - Shot by Lars Eller.
18:18 of 2nd period - Shot Misses the Net.
18:20 of 2nd period - Shot by Alex Iafallo.
18:20 of 2nd period - Stopped by Mackenzie Blackwood without a rebound.
18:21 of 2nd period - John Tavares wins face-off versus Phillip Danault in ANAHEIM OUTLAWS zone.
18:40 of 2nd period - Shot by Kevin Fiala.
18:40 of 2nd period - Shot Blocked by Phillip Danault.
18:42 of 2nd period - Shot by Sam Reinhart.
18:42 of 2nd period - Shot Misses the Net.
19:47 of 2nd period - Michael Grabner is hit by Nathan Beaulieu and loses puck.
Goals for this period are 0 for COLORADO GLACIERCATS vs 2 for ANAHEIM OUTLAWS.
Shots for this period are 14 for COLORADO GLACIERCATS vs 8 for ANAHEIM OUTLAWS.

3rd period


0:01 of 3rd period - Lars Eller wins face-off versus Jordan Staal in neutral zone.
0:16 of 3rd period - Adrian Kempe is hit by Leon Draisaitl and loses puck.
0:21 of 3rd period - Shot by Leon Draisaitl.
0:21 of 3rd period - Shot Blocked by Keith Yandle.
1:27 of 3rd period - Shot by John Tavares.
1:27 of 3rd period - Stopped by Darcy Kuemper without a rebound.
1:28 of 3rd period - Luke Glendening wins face-off versus Sam Bennett in COLORADO GLACIERCATS zone.
1:40 of 3rd period - Minor Penalty to Ilya Lyubushkin for Hooking.
1:41 of 3rd period - Lars Eller wins face-off versus John Tavares in COLORADO GLACIERCATS zone.
2:56 of 3rd period - Minor Penalty to Adrian Kempe for Boarding.
2:57 of 3rd period - John Tavares wins face-off versus Phillip Danault in ANAHEIM OUTLAWS zone.
2:57 of 3rd period - John Tavares is hit by Phillip Danault.
3:03 of 3rd period - Shot by John Tavares.
3:03 of 3rd period - Stopped by Darcy Kuemper without a rebound.
3:04 of 3rd period - John Tavares wins face-off versus Phillip Danault in COLORADO GLACIERCATS zone.
3:10 of 3rd period - Icing by Ryan Ellis.
3:11 of 3rd period - John Tavares wins face-off versus Phillip Danault in COLORADO GLACIERCATS zone.
3:26 of 3rd period - Shot by Jordan Staal.
3:26 of 3rd period - Shot Misses the Net.
3:59 of 3rd period - Shot by Alex Iafallo.
3:59 of 3rd period - Shot Misses the Net.
4:01 of 3rd period - Shot by Joel Edmundson.
4:01 of 3rd period - Goal by Joel Edmundson - COLORADO GLACIERCATS : 3 - ANAHEIM OUTLAWS : 3.
4:02 of 3rd period - Sam Gagner wins face-off versus Sam Bennett in neutral zone.
4:33 of 3rd period - Jordan Martinook is hit by Sam Bennett and loses puck.
5:07 of 3rd period - Shot by Adrian Kempe.
5:07 of 3rd period - Stopped by Darcy Kuemper without a rebound.
5:08 of 3rd period - John Tavares wins face-off versus Brayden Schenn in COLORADO GLACIERCATS zone.
6:19 of 3rd period - Kasperi Kapanen is hit by Phillip Danault and loses puck.
6:56 of 3rd period - Off-side.
6:57 of 3rd period - Luke Glendening wins face-off versus Sam Bennett in neutral zone.
6:57 of 3rd period - Dustin Brown is hit by Richard Panik.
7:04 of 3rd period - Joonas Donskoi is hit by Justin Faulk and loses puck.
7:13 of 3rd period - Justin Faulk is hit by Luke Glendening and loses puck.
7:23 of 3rd period - Shot by Luke Glendening.
7:23 of 3rd period - Stopped by Mackenzie Blackwood without a rebound.
7:24 of 3rd period - Lars Eller wins face-off versus Frederik Gauthier in ANAHEIM OUTLAWS zone.
7:25 of 3rd period - Shot by Leon Draisaitl.
7:25 of 3rd period - Stopped by Mackenzie Blackwood without a rebound.
7:26 of 3rd period - Lars Eller wins face-off versus John Tavares in ANAHEIM OUTLAWS zone.
7:33 of 3rd period - Shot by Alex Iafallo.
7:33 of 3rd period - Shot Misses the Net.
7:56 of 3rd period - Shot by John Tavares.
7:56 of 3rd period - Deflect By Sam Reinhart.
7:56 of 3rd period - Stopped by Darcy Kuemper without a rebound.
7:57 of 3rd period - Jordan Staal wins face-off versus Phillip Danault in COLORADO GLACIERCATS zone.
8:24 of 3rd period - Shot by Keith Yandle.
8:24 of 3rd period - Shot Blocked by Ryan Ellis.
8:26 of 3rd period - Shot by Morgan Rielly.
8:26 of 3rd period - Stopped by Darcy Kuemper without a rebound.
8:27 of 3rd period - John Tavares wins face-off versus Lars Eller in COLORADO GLACIERCATS zone.
8:30 of 3rd period - Shot by Kevin Fiala.
8:30 of 3rd period - Shot Misses the Net.
8:32 of 3rd period - Shot by Noah Hanifin.
8:32 of 3rd period - Shot Blocked by Nathan Beaulieu.
8:34 of 3rd period - Shot by Sam Reinhart.
8:34 of 3rd period - Shot Blocked by Joel Edmundson.
8:45 of 3rd period - John Tavares is hit by Joel Edmundson and loses puck.
8:51 of 3rd period - Sam Reinhart is hit by Nathan Beaulieu and loses puck.
9:03 of 3rd period - John Tavares is hit by Nathan Beaulieu and loses puck.
9:09 of 3rd period - Kevin Fiala is hit by Joel Edmundson.
9:34 of 3rd period - Minor Penalty to Morgan Rielly for High sticking.
9:34 of 3rd period - Minor Penalty to Phillip Danault for Hooking.
9:35 of 3rd period - John Tavares wins face-off versus Alex Iafallo in ANAHEIM OUTLAWS zone.
9:53 of 3rd period - Shot by Alex Iafallo.
9:53 of 3rd period - Stopped by Mackenzie Blackwood with a rebound.
10:35 of 3rd period - Shot by Leon Draisaitl.
10:35 of 3rd period - Shot Misses the Net.
10:49 of 3rd period - Shot by Sam Reinhart.
10:49 of 3rd period - Shot Misses the Net.
10:51 of 3rd period - Shot by Patrik Nemeth.
10:51 of 3rd period - Shot Misses the Net.
10:53 of 3rd period - Shot by Sam Reinhart.
10:53 of 3rd period - Stopped by Darcy Kuemper with a rebound.
10:59 of 3rd period - Shot by Sam Reinhart.
10:59 of 3rd period - Goal by Sam Reinhart - COLORADO GLACIERCATS : 3 - ANAHEIM OUTLAWS : 4.
11:00 of 3rd period - John Tavares wins face-off versus Tomas Hertl in neutral zone.
11:23 of 3rd period - Icing by Zach Bogosian.
11:24 of 3rd period - Sam Reinhart wins face-off versus Alex Iafallo in COLORADO GLACIERCATS zone.
12:00 of 3rd period - Shot by Ryan Ellis.
12:00 of 3rd period - Stopped by Mackenzie Blackwood without a rebound.
12:01 of 3rd period - Frederik Gauthier wins face-off versus Phillip Danault in ANAHEIM OUTLAWS zone.
12:01 of 3rd period - Frederik Gauthier is hit by Brayden Schenn.
13:06 of 3rd period - Shot by Joonas Donskoi.
13:06 of 3rd period - Stopped by Mackenzie Blackwood without a rebound.
13:07 of 3rd period - Lars Eller wins face-off versus Jordan Staal in ANAHEIM OUTLAWS zone.
13:19 of 3rd period - Leon Draisaitl is hit by Keith Yandle.
13:27 of 3rd period - Shot by Leon Draisaitl.
13:27 of 3rd period - Shot Misses the Net.
13:29 of 3rd period - Shot by Ryan Ellis.
13:29 of 3rd period - Shot Misses the Net.
13:44 of 3rd period - Alex Iafallo is hit by Keith Yandle.
14:32 of 3rd period - Shot by Michael Grabner.
14:32 of 3rd period - Deflect By Richard Panik.
14:32 of 3rd period - Stopped by Darcy Kuemper without a rebound.
14:33 of 3rd period - John Tavares wins face-off versus Phillip Danault in COLORADO GLACIERCATS zone.
14:52 of 3rd period - Shot by Kevin Fiala.
14:52 of 3rd period - Stopped by Darcy Kuemper without a rebound.
14:53 of 3rd period - Frederik Gauthier wins face-off versus Lars Eller in COLORADO GLACIERCATS zone.
14:58 of 3rd period - Shot by Joey Anderson.
14:58 of 3rd period - Stopped by Darcy Kuemper without a rebound.
14:59 of 3rd period - Phillip Danault wins face-off versus John Tavares in COLORADO GLACIERCATS zone.
14:59 of 3rd period - Phillip Danault is hit by John Tavares.
15:04 of 3rd period - Icing by Tomas Hertl.
15:05 of 3rd period - Jordan Staal wins face-off versus Phillip Danault in COLORADO GLACIERCATS zone.
15:08 of 3rd period - Shot by Kasperi Kapanen.
15:08 of 3rd period - Stopped by Darcy Kuemper without a rebound.
15:09 of 3rd period - Jordan Staal wins face-off versus Phillip Danault in COLORADO GLACIERCATS zone.
15:18 of 3rd period - Shot by Keith Yandle.
15:18 of 3rd period - Stopped by Darcy Kuemper without a rebound.
15:19 of 3rd period - Phillip Danault wins face-off versus Sam Bennett in COLORADO GLACIERCATS zone.
15:24 of 3rd period - Shot by Brayden Schenn.
15:24 of 3rd period - Shot Hit the Post.
15:34 of 3rd period - Shot by Tomas Hertl.
15:34 of 3rd period - Shot Misses the Net.
15:54 of 3rd period - Off-side.
15:55 of 3rd period - Lars Eller wins face-off versus Jordan Staal in neutral zone.
16:23 of 3rd period - Patrik Nemeth is hit by Lars Eller and loses puck.
17:01 of 3rd period - Shot by Tomas Hertl.
17:01 of 3rd period - Stopped by Mackenzie Blackwood with a rebound.
17:53 of 3rd period - Shot by Joonas Donskoi.
17:53 of 3rd period - Shot Blocked by Morgan Rielly.
18:19 of 3rd period - Justin Faulk is hit by Dustin Brown.
18:28 of 3rd period - Dustin Brown is hit by Justin Faulk.
18:40 of 3rd period - Lars Eller is hit by Sam Reinhart and loses puck.
18:47 of 3rd period - COLORADO GLACIERCATS, Darcy Kuemper is pulled from the net.
18:53 of 3rd period - Shot by Leon Draisaitl.
18:53 of 3rd period - Shot Misses the Net.
18:55 of 3rd period - Shot by Nathan Beaulieu.
18:55 of 3rd period - Stopped by Mackenzie Blackwood without a rebound.
18:56 of 3rd period - Frederik Gauthier wins face-off versus Phillip Danault in ANAHEIM OUTLAWS zone.
19:55 of 3rd period - Shot by Sam Reinhart.
19:55 of 3rd period - Shot Misses the Net.
Goals for this period are 1 for COLORADO GLACIERCATS vs 1 for ANAHEIM OUTLAWS.
Shots for this period are 8 for COLORADO GLACIERCATS vs 12 for ANAHEIM OUTLAWS.


SCOTT
LAUGHTON
IGOR
SHESTERKIN
ALEX
TUCH

EAST COAST

HOCKEY LEAGUE

  • 9.CHI2QUE6
  • 10.LIM2CHA3
  • 11.LON6TRV4
  • 12.BAL3CHW2
  • 13.MANPIT
  • 14.NHWATL
  • 15.PETWOR
  • 16.RHI